 Dungeon Crawl Stone Soup version 0.28-a0-732-g75e6d9beac (webtiles) character file.

Game seed: 16037269899198358210

125434 Johnny the Fencer (level 17, -13/138 HPs)
             Began as a Human Berserker on Oct 28, 2021.
             Was an Elder of Trog.
             Killed by an exploding bloated husk (29 damage)
             ... set off by their pet
             ... on level 2 of the Swamp.
             The game lasted 00:31:20 (29255 turns).

Johnny the Fencer (Human Berserker)                Turns: 29255, Time: 00:31:20

Health: -13/138    AC: 25    Str: 23    XL:     17   Next: 50%
Magic:  26/26      EV: 17    Int:  8    God:    Trog [****..]
Gold:   296        SH:  0    Dex: 14    Spells: 16/16 levels left

rFire   . . .      SeeInvis +   s - +7 great sword (vorpal)
rCold   . . .      Faith    +   (shield currently unavailable)
rNeg    . . .      Spirit   .   A - +1 storm dragon scales
rPois   .          Reflect  .   v - +0 helmet
rElec   +          Harm     .   f - +0 cloak
rCorr   .          Rampage  .   N - +1 pair of gloves
Will    +++..                   Z - +0 pair of boots
Stlth   ..........              q - amulet of faith
HPRegen 1.33/turn               K - ring "Getoaps" {MP+9 EV+4 Slay+2 SInv}
MPRegen 0.20/turn               I - +4 ring of slaying

@: strong-willed (expiring), on berserk cooldown, very slightly contaminated,
regenerating (expiring)
A: no striking features
a: Renounce Religion, Berserk, Trog's Hand, Brothers in Arms


You were on level 2 of the Swamp.
You worshipped Trog.
Trog was greatly pleased with you.
You visited 4 branches of the dungeon, and saw 25 of its levels.
You also visited: Ice Cave.

You collected 1758 gold pieces.
You spent 1462 gold pieces at shops.

Inventory:

Hand Weapons
 s - a +7 vorpal great sword (weapon)
 t - a +5 great sword of venom
 T - a +3 triple sword of flaming
 X - a +0 great sword of flaming
Missiles
 C - 2 throwing nets (quivered)
Armour
 f - a +0 cloak (worn)
 r - a +2 plate armour of fire resistance
 v - a +0 helmet (worn)
 A - +1 storm dragon scales (worn)
 J - a +4 troll leather armour
 N - a +1 pair of gloves (worn)
 V - a +2 pair of gloves
 Z - a +0 pair of boots (worn)
Jewellery
 q - an amulet of faith (around neck)
 E - an amulet of guardian spirit
 I - a +4 ring of slaying (right hand)
 K - the ring "Getoaps" (left hand) {MP+9 EV+4 Slay+2 SInv}
   (You found it on level 14 of the Dungeon)

   [ring of evasion]

   EV:        It affects your evasion (+4).
   Slay:      It affects your accuracy & damage with ranged weapons and melee
   (+2).
   MP:        It affects your magic capacity (+9).
   SInv:      It lets you see invisible.
Wands
 x - a wand of iceblast (15)
 M - a wand of acid (6)
 P - a wand of paralysis (13)
 S - a wand of digging (9)
 Y - a wand of charming (7)
Scrolls
 d - 3 scrolls of holy word
 i - a scroll of torment
 k - 6 scrolls of noise
 u - 3 scrolls of magic mapping
 y - a scroll of identify
 z - 2 scrolls of blinking
 G - a scroll of immolation
 H - 3 scrolls of teleportation
 O - 3 scrolls of vulnerability
 R - a scroll of fear
Potions
 c - 2 potions of mutation
 e - 2 potions of might
 h - 3 potions of heal wounds
 j - a potion of ambrosia {unknown}
 l - 4 potions of flight
 m - 7 potions of lignification
 o - 10 potions of curing
 p - 2 potions of brilliance
 w - 6 potions of haste
 D - 3 potions of magic
 F - 2 potions of resistance
 L - 2 potions of berserk rage {unknown}
 W - a potion of cancellation
Miscellaneous
 a - a lightning rod (4/4)
 g - a tin of tremorstones (2/2)
 n - a box of beasts
 B - a condenser vane
 U - a phantom mirror


   Skills:
 + Level 13.7 Fighting
 + Level 20.3 Long Blades
 * Level 14.9 Armour
 * Level 10.8 Dodging


You had 16 spell levels left.
You didn't know any spells.
Your spell library was empty.

Dungeon Overview and Level Annotations

Branches:
Dungeon (15/15)            Temple (0/1) D:4            Lair (6/6) D:9
  Swamp (2/4) Lair:2       Spider (0/4) Lair:2        Slime (0/5) Lair:5
    Orc (2/2) D:12            Elf (0/3) Orc:2        Vaults (0/5) D:13
 Depths (0/4) D:15          IceCv (visited)

Altars:
Ashenzari
Cheibriados
Elyvilon
Okawaru
Vehumet
Wu Jian
Beogh

Shops:
D:9 !   D:13 (   D:14 (   D:15 !:[[*   Orc:2 (:*[

Annotations:
Lair:5 exclusion: ice statue


Message History

Aim: a hornet (wisps of flame, water, heavily wounded)
The mass of ice explodes!
The iceblast engulfs the hornet!
You kill the hornet!
Trog accepts your kill.
The foxfire dissipates!
Aiming: Iceblast
Press: ? - help, Shift-Dir - straight line, f - eleionoma
Aim: an eleionoma The mass of ice explodes!
The iceblast engulfs the eleionoma!
The eleionoma is moderately wounded.
The eleionoma flows through the trees.
The will-o-the-wisp gestures.
The will-o-the-wisp conjures some foxfire!
The eleionoma hurls a spray of splinters at you.
The spray of wooden splinters hits you!!!
* * * LOW HITPOINT WARNING * * *
2 foxfires come into view.
Blink to where?
Press: ? - help, Dir - move target, p - eleionoma
As you read the scroll of blinking, it crumbles to dust.
You feel yourself speed up.
The foxfire moves out of view.
As you read the scroll of summoning, it crumbles to dust.
Wisps of shadow whirl around you...
The foxfire dissipates!
The eleionoma flows through the trees.
As you read the scroll of fear, it crumbles to dust.
You assume a fearsome visage.
The will-o-the-wisp is unaffected.
The eleionoma resists with almost no effort.
The eleionoma misses you.
Your five-headed hydra bites the eleionoma! x2
Your five-headed hydra bites the eleionoma.
Your five-headed hydra closely misses the eleionoma.
Your five-headed hydra bites the eleionoma but does no damage.
You feel the effects of Trog's Hand fading.
Your bloated husk dissolves into shadows!
Your bloated husk explodes!
The blast of putrescent gases engulfs the eleionoma!!
The blast of putrescent gases engulfs you!!
You die...

...≈.†≈v≈....≈≈≈..
.≈≈≈.§§v..≈.....§
.≈≈.)≈≈≈....≈≈..♣
..≈)≈≈≈§≈...≈≈≈.###
♣♣..)≈≈v≈≈≈.≈♣≈≈≈≈#
♣...≈≈≈≈≈.≈v≈.≈.#
♣.≈..≈≈≈..♣..≈..♣♣
♣†♣♣......≈≈.DR..♣ ≈≈
♣♣♣♣..≈≈.♣♣♣.@♣♣ .§
♣♣..♣≈.♣♣≈≈(.♣. ≈≈
♣≈..♣♣....≈≈≈≈. ≈.
♣♣.♣♣..≈≈≈≈≈≈≈..♣ ≈≈
.♣♣♣♣≈.≈≈÷≈.≈≈≈≈≈♣♣
..≈≈.≈.≈≈≈≈≈≈§≈≈..♣♣♣
♣≈≈≈≈≈§≈≈.♣≈≈..♣♣♣
♣..≈♣≈≈≈≈÷.♣.♣♣♣
♣≈..♣♣..≈♣≈.♣♣


You could see an eleionoma (ally target), a will-o-the-wisp and a friendly
five-headed hydra (summoned).

Vanquished Creatures
  Nikola (Swamp:2)
  Frances (Swamp:1)
  Kirke (D:13)
  Donald (Swamp:1)
  An orc warlord (Orc:1)
  A bunyip (Swamp:1)
  3 eleionomae
  A fire dragon (D:14)
  Josephine (D:15)
  11 hydras
  8 vault guards
  5 boulder beetles
  3 catoblepae (Lair:6)
  7 centaur warriors
  4 alligators
  4 two-headed ogres
  2 death knights (D:15)
  3 tengu warriors
  A deep troll shaman (Lair:6)
  12 death yaks
  A spriggan berserker (Swamp:1)
  3 orc high priests
  Sonja (Lair:6)
  5 spriggans
  A skeletal warrior (D:15)
  A goliath frog (Swamp:1)
  3 bog bodies (Swamp:2)
  A lindwurm (Lair:3)
  Pikel (D:4)
  4 harpies (D:15)
  6 orc knights
  4 phantasmal warriors (D:15)
  2 wizards
  A necromancer (D:15)
  2 orc sorcerers
  An oklob plant (Lair:4)
  2 deep elf pyromancers (D:15)
  5 cyclopes
  3 will-o-the-wisps
  A manticore (D:7)
  12 ugly things
  17 elephants
  A naga mage (D:15)
  7 black mambas
  12 cane toads
  A torpor snail (shapeshifter) (D:13)
  2 gargoyles
  3 rime drakes
  An efreet (D:14)
  7 komodo dragons
  3 freezing wraiths (D:15)
  2 tyrant leeches
  11 polar bears
  7 trolls
  A polar bear (shapeshifter) (D:15)
  6 hornets
  Grinder (D:4)
  12 slime creatures
  6 dream sheep (Lair:5)
  17 blink frogs
  2 shadows
  2 vampires
  2 centaur simulacra (D:15)
  5 wraiths
  35 yaks
  Sigmund (D:6)
  5 hogs
  7 wyverns
  2 vampire mosquitoes (D:13)
  A steam dragon (Lair:3)
  Edmund (D:5)
  4 wargs
  2 swamp worms (Swamp:1)
  19 water moccasins
  An acid dragon (D:12)
  A necrophage (D:5)
  23 orc warriors
  2 swamp drakes
  8 ice beasts
  10 black bears
  12 ogres
  A sky beast (D:7)
  11 wolves
  15 centaurs
  A phantom (D:6)
  5 kobold brigands
  15 bullfrogs
  4 scorpions
  A cane toad simulacrum (IceCv)
  A water moccasin skeleton (D:5)
  2 wyvern skeletons
  3 wights (D:9)
  3 electric eels (D:8)
  5 centaur zombies
  2 jellies (Lair:5)
  2 hounds
  6 orc priests
  2 bullfrog skeletons (D:5)
  4 centaur skeletons
  5 iguanas
  Ijyb (D:4)
  2 hell rats (D:9)
  Natasha (thrice) (D:3)
  10 orc wizards
  A killer bee zombie (D:6)
  2 hound skeletons (D:5)
  A mummy (D:5)
  A howler monkey zombie (D:9)
  6 adders
  3 gnolls (D:4)
  A river rat (D:9)
  A white imp (Lair:5)
  2 ufetubi
  A worm (shapeshifter) (D:13)
  35 orcs
  3 ball pythons
  8 endoplasms
  A giant cockroach (D:2)
  5 goblins
  6 hobgoblins
  9 jackals
  23 kobolds
  3 quokkas
  9 bats
  A frilled lizard (D:3)
  6 rats
625 creatures vanquished.

Vanquished Creatures (collateral kills)
  A two-headed ogre (D:11)
  2 death yaks (Lair:6)
  A cane toad (Lair:6)
  A komodo dragon (D:11)
  A yak (Lair:6)
  A death yak simulacrum (IceCv)
  A water moccasin (Lair:6)
  An orc warrior (Orc:2)
  A centaur (D:11)
  A polar bear simulacrum (IceCv)
  A wolf simulacrum (IceCv)
12 creatures vanquished.

Vanquished Creatures (others)
  A bloated husk (Swamp:1)
  A blink frog (Lair:2)
  A swamp drake (Lair:2)
  An orc (D:10)
  A quokka (D:14)
  A bush (Lair:4)
  15 foxfires
  20 fungi
  24 plants
65 creatures vanquished.

Grand Total: 702 creatures vanquished

Notes
Turn   | Place    | Note
-------+----------+-------------------------------------------
     0 | D:1      | Johnny the Human Berserker began the quest for the Orb.
     0 | D:1      | Reached XP level 1. HP: 18/18 MP: 1/1
   526 | D:1      | Reached XP level 2. HP: 24/24 MP: 2/2
  1452 | D:2      | Reached XP level 3. HP: 21/29 MP: 3/3
  1459 | D:2      | Reached ** piety under Trog
  1655 | D:2      | Found a faded altar of an unknown god.
  1759 | D:2      | Reached skill level 4 in Long Blades
  2268 | D:3      | Reached XP level 4. HP: 26/35 MP: 4/4
  2636 | D:3      | Noticed Natasha
  2653 | D:3      | Killed Natasha
  2722 | D:3      | Noticed Natasha
  2739 | D:3      | Killed Natasha
  2740 | D:3      | Reached XP level 5. HP: 42/42 MP: 5/5
  2927 | D:3      | Noticed Natasha
  2958 | D:4      | Reached skill level 5 in Long Blades
  2991 | D:4      | Noticed an ice beast
  3002 | D:4      | Killed an ice beast
  3003 | D:4      | Reached XP level 6. HP: 49/49 MP: 6/6
  3091 | D:4      | Noticed Grinder
  3101 | D:4      | Killed Grinder
  3102 | D:4      | Reached skill level 6 in Long Blades
  3102 | D:4      | Reached XP level 7. HP: 55/55 MP: 7/7
  3353 | D:4      | Noticed Pikel
  3364 | D:4      | Killed Pikel
  3365 | D:4      | Reached skill level 5 in Fighting
  3365 | D:4      | Reached skill level 7 in Long Blades
  3365 | D:4      | Reached XP level 8. HP: 63/63 MP: 8/8
  3498 | D:4      | Found a staircase to the Ecumenical Temple.
  3520 | D:4      | Noticed Ijyb
  3533 | D:4      | Killed Ijyb
  3875 | D:3      | Found an iron altar of Okawaru.
  3912 | D:3      | Killed Natasha
  3913 | D:3      | Reached skill level 5 in Armour
  4167 | D:5      | Entered Level 5 of the Dungeon
  4172 | D:5      | Reached *** piety under Trog
  4182 | D:5      | Reached skill level 8 in Long Blades
  4182 | D:5      | Reached XP level 9. HP: 69/69 MP: 9/9
  4508 | D:5      | Found a snail-covered altar of Cheibriados.
  5166 | D:6      | Reached skill level 9 in Long Blades
  5261 | D:6      | Noticed Edmund
  5264 | D:6      | Noticed Sigmund
  5827 | D:5      | Killed Edmund
  6106 | D:6      | Killed Sigmund
  6258 | D:6      | Reached XP level 10. HP: 78/79 MP: 10/10
  6429 | D:6      | Reached skill level 10 in Long Blades
  6927 | D:7      | Noticed a manticore
  6944 | D:7      | Killed a manticore
  7074 | D:7      | Reached skill level 11 in Long Blades
  7205 | D:7      | Found an ornate altar of the Wu Jian Council.
  7363 | D:7      | Found a broken altar of Ashenzari.
  8918 | D:9      | Found Luoluam's Distillery.
  8921 | D:9      | Noticed a death yak
  8922 | D:9      | Noticed a death yak
  8929 | D:9      | Noticed a death yak
  8939 | D:8      | Killed a death yak
  8940 | D:8      | Reached XP level 11. HP: 87/87 MP: 11/11
  9173 | D:9      | Identified the +3 ring mail "Senaill" {Will- rCorr Str+6}
  9267 | D:9      | Reached skill level 12 in Long Blades
  9276 | D:9      | Reached **** piety under Trog
  9363 | D:9      | Killed a death yak
  9369 | D:9      | Killed a death yak
  9461 | D:9      | Found a staircase to the Lair.
  9514 | D:9      | Bought a potion of invisibility for 112 gold pieces
  9514 | D:9      | Bought a potion of heal wounds for 70 gold pieces
  9514 | D:9      | Bought a potion of lignification for 42 gold pieces
  9779 | D:10     | Entered Level 10 of the Dungeon
 10222 | D:10     | Found a white marble altar of Elyvilon.
 10433 | D:10     | Reached skill level 13 in Long Blades
 10964 | D:11     | Reached XP level 12. HP: 97/97 MP: 12/12
 11132 | D:11     | Noticed a tengu warrior
 11145 | D:11     | Killed a tengu warrior
 11146 | D:11     | Reached skill level 10 in Fighting
 11216 | D:11     | Noticed a centaur warrior
 11216 | D:11     | Noticed a two-headed ogre
 11230 | D:11     | Noticed a two-headed ogre
 11238 | D:11     | Killed a two-headed ogre
 11247 | D:11     | Noticed a two-headed ogre
 11251 | D:11     | Noticed a centaur warrior
 11252 | D:11     | Killed a two-headed ogre
 11296 | D:11     | Killed a two-headed ogre
 11297 | D:11     | Reached skill level 14 in Long Blades
 11496 | D:11     | Killed a centaur warrior
 11497 | D:11     | Reached skill level 10 in Armour
 11585 | D:11     | Killed a centaur warrior
 12461 | D:12     | Found a staircase to the Orcish Mines.
 12586 | D:12     | You fall into a shaft and drop 2 floors!
 12717 | D:14     | Found Xonu Gupp's Weapon Boutique.
 12747 | D:14     | Noticed a centaur warrior
 12754 | D:14     | Killed a centaur warrior
 12755 | D:14     | Reached XP level 13. HP: 105/105 MP: 13/13
 12759 | D:14     | Reached skill level 15 in Long Blades
 12803 | D:14     | Identified the ring "Getoaps" {MP+9 EV+4 Slay+2 SInv}
 12893 | D:14     | Noticed a fire dragon
 12900 | D:14     | Noticed a centaur warrior
 12905 | D:14     | Killed a centaur warrior
 12910 | D:14     | Killed a fire dragon
 12985 | D:13     | Noticed Kirke
 13057 | D:13     | Noticed a vault guard
 13057 | D:13     | Noticed a vault guard
 13059 | D:13     | Noticed a vault guard
 13059 | D:13     | Noticed a vault guard
 13076 | D:14     | Killed a vault guard
 13226 | D:14     | Noticed a boulder beetle
 13235 | D:14     | Killed a boulder beetle
 13344 | D:14     | Reached skill level 16 in Long Blades
 13379 | D:14     | Found a white marble altar of Elyvilon.
 13480 | D:14     | Noticed a five-headed hydra
 13490 | D:14     | Killed a 12-headed hydra
 13740 | D:14     | Killed a vault guard
 13746 | D:14     | Killed a vault guard
 13797 | D:13     | Noticed a vault guard
 13802 | D:13     | Killed a vault guard
 13810 | D:13     | Killed a vault guard
 13814 | D:13     | Noticed a vault guard
 13867 | D:13     | Killed a vault guard
 14052 | D:13     | Noticed a vault guard
 14059 | D:13     | Killed a vault guard
 14060 | D:13     | Reached skill level 17 in Long Blades
 14091 | D:13     | Found a gate to the Vaults.
 14483 | Orc:1    | Entered Level 1 of the Orcish Mines
 14549 | Orc:1    | Reached XP level 14. HP: 113/113 MP: 14/14
 14747 | Orc:1    | Found a frozen archway.
 15002 | IceCv    | Entered an ice cave
 15049 | IceCv    | Found a transporter.
 15069 | IceCv    | Found a transporter.
 15130 | Orc:2    | Entered Level 2 of the Orcish Mines
 15143 | Orc:2    | Found Igogaq's General Store.
 15368 | Orc:2    | Bought a scroll of blinking for 97 gold pieces
 15368 | Orc:2    | Bought a scroll of identify for 26 gold pieces
 15407 | Orc:2    | Found Kaecu's Antique Armour Shoppe.
 15549 | Orc:2    | Reached skill level 18 in Long Blades
 15570 | Orc:2    | Noticed an orc warlord
 16191 | Orc:1    | Killed an orc warlord
 16263 | Orc:2    | Found a staircase to the Elven Halls.
 16524 | Orc:2    | Found Tucemoi's Book Emporium.
 16530 | Orc:2    | Reached ***** piety under Trog
 16549 | Orc:2    | Found Xoczoi's Antique Weapon Shoppe.
 16565 | Orc:2    | Bought a translucent scimitar for 162 gold pieces
 16565 | Orc:2    | Identified the +0 scimitar of Valiance {vorpal, Fragile rF+
                  | rN++ rCorr} (You bought it in a shop on level 2 of the
                  | Orcish Mines)
 16788 | Lair:1   | Entered Level 1 of the Lair of Beasts
 16811 | Lair:1   | Reached skill level 19 in Long Blades
 17899 | Lair:2   | Found a hole to the Spider Nest.
 18176 | Lair:2   | Found a staircase to the Swamp.
 18439 | Lair:3   | Reached XP level 15. HP: 120/120 MP: 15/15
 18449 | Lair:3   | Received a gift from Trog
 20017 | Lair:5   | Reached skill level 5 in Dodging
 20354 | Lair:5   | Found a staircase to the Slime Pits.
 20908 | Lair:5   | Received a gift from Trog
 21547 | Lair:6   | Entered Level 6 of the Lair of Beasts
 22851 | Lair:6   | Found an ornate altar of the Wu Jian Council.
 23134 | Lair:6   | Reached XP level 16. HP: 92/129 MP: 16/16
 24094 | Lair:6   | Received a gift from Trog
 24103 | Lair:6   | Noticed Sonja
 24110 | Lair:6   | Killed Sonja
 24599 | Lair:6   | Identified the ring "Aphe" {rPois Int+6 Dex+6 Slay-4}
 24824 | D:9      | Bought a potion of resistance for 140 gold pieces
 24824 | D:9      | Bought a potion of cancellation for 112 gold pieces
 24824 | D:9      | Bought 2 potions of flight for 84 gold pieces
 24824 | D:9      | Bought a potion of attraction for 42 gold pieces
 25288 | D:13     | Killed Kirke
 25553 | D:13     | Found Juthuser's Antique Weapon Emporium.
 25982 | D:15     | Entered Level 15 of the Dungeon
 26001 | D:15     | Reached skill level 20 in Long Blades
 26113 | D:15     | Found Voihoz's Book Shoppe.
 26188 | D:15     | Found Kemuosos's Distillery.
 26191 | D:15     | Bought a potion of curing for 39 gold pieces
 26191 | D:15     | Bought a potion of heal wounds for 65 gold pieces
 26191 | D:15     | Bought a potion of lignification for 39 gold pieces
 26191 | D:15     | Bought a potion of might for 52 gold pieces
 26263 | D:15     | Found Visag's Armour Shoppe.
 26374 | D:15     | Noticed Josephine
 26384 | D:15     | Killed Josephine
 26387 | D:15     | Identified the +8 quick blade of the Kidney {vorpal, Fly}
                  | (Trog gifted it to you on level 15 of the Dungeon)
 26387 | D:15     | Received a gift from Trog
 26506 | D:15     | Found a staircase to the Depths.
 26751 | D:15     | Found Viyvele's Assorted Antiques.
 26760 | D:15     | Bought a scroll of teleportation for 87 gold pieces
 26760 | D:15     | Bought a pair of runed gloves for 217 gold pieces
 26784 | D:15     | Reached XP level 17. HP: 136/137 MP: 17/17
 26905 | D:15     | Found a radiant altar of Vehumet.
 26964 | D:15     | Found Otijabeg's Armour Boutique.
 26972 | D:15     | Bought a +0 pair of boots for 76 gold pieces
 27420 | Swamp:1  | Entered Level 1 of the Swamp
 27488 | Swamp:1  | Reached skill level 10 in Dodging
 27813 | Swamp:1  | Noticed Donald
 27831 | Swamp:1  | Killed Donald
 28144 | Swamp:1  | Noticed Frances
 28153 | Swamp:1  | Killed Frances
 29193 | Swamp:2  | Noticed Nikola
 29211 | Swamp:2  | Killed Nikola
 29239 | Swamp:2  | Paralysed by a hornet for 2 turns
 29255 | Swamp:2  | Killed by an exploding bloated husk... set off by their pet

Illustrated notes

Levels and vault maps discovered:
D:1:      amcnicky_arrival_blooded_trapdoor, layout_loops_corners
D:2:      layout_loops_ring, dreamdust_ecumenical_altar_grove
D:3:      layout_loops_corners, mainiacjoe_overflow_tiny_flanked,
          amcnicky_mini_pool_small, uniq_natasha
D:4:      layout_rooms, minmay_temple_entry_large_hall, uniq_grinder,
          uniq_pikel, uniq_ijyb
D:5:      layout_basic, chei_slow_surprise, grunt_ministairs_10
D:6:      layout_cave_pods, sigmund_edmund_badplayer
D:7:      layout_cave_pools, nicolae_overflow_crystal_walls, old_standard_altar,
          serial_column_ruins, column_ruins_grid_5, column_ruins_hut,
          column_ruins_open_medium, column_ruins_grid_1,
          column_ruins_open_medium, column_ruins_grid_1, minmay_misc_feat_tiny
D:8:      layout_loops_cross, serial_bayou, serial_bayou_shore_a,
          serial_bayou_pond_e, serial_bayou_pond_c, serial_bayou_pond_d,
          serial_bayou_pond_c, serial_bayou_shore_b
D:9:      layout_roguey, dpeg_lair_monsters, serial_shops, nicolae_square_shop,
          minmay_misc_feat_tower, kennysheep_dice
D:10:     layout_roguey, overflow_temple_1_default
D:11:     minmay_opposing_rooms, layout_small_grid, st_stairs_4
D:12:     layout_loops_ring, orc_0_dummy
D:13:     layout_basic, erik_vaults_2, serial_shops, nicolae_shop_waterfront,
          minmay_tree_intersection, uniq_kirke
D:14:     layout_basic, serial_shops, nicolae_stop_n_shop_2, elyvilon_altar_4
D:15:     grunt_enter_depths_magical_seal, layout_basic, serial_shops,
          nicolae_shop_temple_entry_statues_fountains,
          nicolae_shop_behind_doors, shop, nicolae_shop_stone,
          nicolae_shop_competitors_out_of_business, nicolae_vehumet_altar_sigil,
          hex_intersection, uniq_josephine
Lair:1:   layout_chaotic_city, infiniplex_staircase_pool, grunt_megastairs_3
Lair:2:   beast_lair_carwin_large_3, layout_regular_city,
          minmay_swamp_entry_reptiles, dummy_spider_entry
Lair:3:   layout_roguey
Lair:4:   layout_regular_city, serial_bayou_shore_b, serial_bayou_shore_b
Lair:5:   layout_cave_pods, minmay_slime_entry_pillars, ice2_lemuel,
          serial_bayou_shore_b
Lair:6:   grunt_lair_end_beastmaster, layout_gridlike, basic_altar,
          grunt_megastairs_5, lemuel_fruit_tree, infiniplex_staircase_pool_2,
          uniq_sonja
Swamp:1:  layout_basic_swamp, evilmike_swamp_ruin_house_6, swamp_pool2,
          uniq_donald, uniq_frances
Swamp:2:  cheibrodos_swamp_monstrosity, layout_falls_marsh,
          nicolae_swamp_small_spring, uniq_nikola
Orc:1:    layout_caves, portal_ice_cave_entry_pillars_1
Orc:2:    grunt_orc_gardens, layout_diamond_mine, grunt_orc_garden,
          grunt_orc_garden, grunt_orc_garden, grunt_orc_garden, basic_altar

Skill      XL: |  1  2  3  4  5  6  7  8  9 10 11 12 13 14 15 16 17 |
---------------+----------------------------------------------------+-----
Long Blades    | 4 5 6 7 8 9 11 13 14 17 19 20 | 20.3
Fighting       | 4 5 6 7 8 9 10 11 12 13 | 13.7
Armour         | 3 4 5 6 8 9 10 11 12 14 | 14.9
Dodging        | 3 7 9 10 | 10.8

Action                   |  1- 3 |  4- 6 |  7- 9 | 10-12 | 13-15 | 16-18 || total
-------------------------+-------+-------+-------+-------+-------+-------++-------
Melee: Falchion          |   114 |   115 |   258 |   719 |     8 |       ||  1214
       Great sword       |       |       |       |       |   290 |   424 ||   714
       Scimitar          |       |       |       |       |   529 |    17 ||   546
       Unarmed           |       |       |       |       |       |    16 ||    16
Throw: Throwing net      |       |       |     1 |     2 |       |       ||     3
Invok: Berserk           |     1 |     5 |     8 |    24 |    24 |     9 ||    71
       Trog's Hand       |       |     4 |     3 |    11 |    13 |    14 ||    45
       Brothers in Arms  |       |       |       |     3 |     3 |     2 ||     8
Evoke: Wand              |       |       |     6 |    17 |    46 |    25 ||    94
       Tin of tremorston |       |       |       |     1 |     1 |       ||     2
       Box of beasts     |       |       |       |       |     2 |       ||     2
  Use: Scroll            |       |       |     1 |    21 |    13 |     9 ||    44
       Potion            |       |       |       |     5 |     1 |     2 ||     8
 Stab: Invisible         |       |       |       |     4 |       |     2 ||     6
       Paralysed         |       |       |       |       |     6 |     1 ||     7
       Petrified         |       |       |       |       |     2 |       ||     2
Armor: Animal skin       |    28 |       |       |       |       |       ||    28
       Ring mail         |     9 |    21 |    41 |   131 |       |       ||   202
       Troll leather arm |       |       |       |    78 |   193 |       ||   271
       Storm dragon scal |       |       |       |       |   122 |   170 ||   292
Dodge: Dodged            |   135 |    94 |   205 |   645 |   634 |   276 ||  1989

Table legend: (Time is in decaauts)
 A = Elapsed time spent in this place.
 B = Non-inter-level travel time spent in this place.
 C = Inter-level travel time spent in this place.
 D = Time resting spent in this place.
 E = Time spent auto-exploring this place.
 F = Levels seen in this place.
 G = Mean time per level.
                   A        B        C        D        E       F      G
               +--------+--------+--------+--------+--------+-----+--------+
         Total |  29465 |  27857 |   1608 |   4619 |  18478 |  26 | 1133.3 |
       Dungeon |  17333 |  16452 |    881 |   2165 |  11484 |  15 | 1155.5 |
          Lair |   7975 |   7484 |    491 |   1498 |   4909 |   6 | 1329.2 |
         Swamp |   1914 |   1893 |     21 |    542 |   1108 |   2 |  957.0 |
  Orcish Mines |   2157 |   1943 |    214 |    373 |    976 |   2 | 1078.5 |
      Ice Cave |     84 |     84 |      0 |     39 |      0 |   1 |   84.0 |
               +--------+--------+--------+--------+--------+-----+--------+

Top non-repeatable levels by time:
  Lair:5: 2756 daAuts
  Lair:6: 1967 daAuts
     D:6: 1555 daAuts
 Swamp:1: 1462 daAuts
    D:11: 1422 daAuts
     D:1: 1401 daAuts
    D:15: 1291 daAuts
    D:14: 1261 daAuts
    D:13: 1223 daAuts
    D:10: 1188 daAuts
   Orc:2: 1156 daAuts
     D:8: 1153 daAuts
     D:5: 1143 daAuts
     D:3: 1127 daAuts
   Orc:1: 1001 daAuts
